 Dungeon Crawl Stone Soup version 0.30.0-15-g856e2d3f33 (webtiles) character file.

Game seed: 15061000817533043139

5048 wingedge the Conjurer (level 10, -2/74 HPs)
             Began as a Human Wanderer on May 19, 2023.
             Was a Believer of Vehumet.
             Slain by a kobold brigand
             ... wielding a +0 short sword of distortion
              (6 damage)
             ... on level 9 of the Dungeon.
             The game lasted 00:30:51 (10576 turns).

wingedge the Conjurer (Human Wanderer)             Turns: 10576, Time: 00:30:51

Health: -2/74      AC: 19    Str: 12    XL:     10   Next: 85%
Magic:  12/17      EV: 11    Int: 17    God:    Vehumet [**....]
Gold:   177        SH:  0    Dex:  8    Spells: 15/19 levels left

rFire   . . .        V - +3 short sword (venom)
rCold   . . .        (no shield)
rNeg    . . .        p - +1 ring mail of Ruakhi Xergh {Harm Will++ Str-2 Dex-3 Stlth+}
rPois   +            b - +0 helmet
rElec   .            (no cloak)
rCorr   .            M - +0 pair of gloves
SInv    .            A - +0 pair of boots of Sarrah {Harm rPois}
Will    ++...        F - amulet of regeneration
Stlth   +++          B - +4 ring of protection
HPRegen 1.12/turn    T - +4 ring of protection
MPRegen 0.15/turn

%: harm (+45% outgoing, +30% incoming)
@: lethally poisoned (-2 -> -3)
A: no striking features
a: Renounce Religion


You were on level 9 of the Dungeon.
You worshipped Vehumet.
Vehumet was pleased with you.
You visited 1 branch of the dungeon, and saw 9 of its levels.

You collected 537 gold pieces.
You spent 360 gold pieces at shops.

Inventory:

Hand Weapons
 r - the +8 sling of the Bellicose God {freeze, +Blink rC++ rCorr Int-3}
   (You found it on level 9 of the Dungeon)

   Int:       It affects your intelligence (-3).
   rC:        It greatly protects you from cold.
   +Blink:    It lets you blink.
   rCorr:     It protects you from acid and corrosion.
 z - a +2 antimagic short sword
 O - a +2 whip of flaming
 V - a +3 short sword of venom (weapon)
Missiles
 n - a curare-tipped dart
 v - 2 datura-tipped darts
Armour
 b - a +0 helmet (worn)
 p - the +1 ring mail of Ruakhi Xergh (worn) {Harm Will++ Str-2 Dex-3 Stlth+}
   (You found it on level 2 of the Dungeon)

   Str:       It affects your strength (-2).
   Dex:       It affects your dexterity (-3).
   Harm:      It increases damage dealt and taken.
   Will:      It greatly increases your willpower.
   Stlth:     It makes you more stealthy.
 A - the +0 pair of boots of Sarrah (worn) {Harm rPois}
   (You found it on level 4 of the Dungeon)

   rPois:     It protects you from poison.
   Harm:      It increases damage dealt and taken.
 M - a +0 pair of gloves (worn)
 N - a +2 robe of positive energy
Jewellery
 y - a ring of protection from cold
 B - a +4 ring of protection (left hand)
 F - an amulet of regeneration (around neck)
 G - a ring of willpower
 R - a ring of poison resistance
 T - a +4 ring of protection (right hand)
Wands
 m - a wand of charming (8)
 w - a wand of acid (4) (quivered)
 E - a wand of iceblast (9)
Scrolls
 c - 5 scrolls of enchant armour
 g - 4 scrolls of magic mapping
 h - 4 scrolls of teleportation {unknown}
 i - a scroll of noise {unknown}
 k - 3 scrolls of blinking {unknown}
 l - 2 scrolls of amnesia
 q - 2 scrolls of fear {unknown}
 s - a scroll of immolation {unknown}
 t - 2 scrolls of summoning {unknown}
 x - a scroll of poison {unknown}
 P - a scroll of brand weapon {unknown}
 Q - a scroll of fog {unknown}
 U - a scroll of torment {unknown}
Potions
 a - a potion of attraction {unknown}
 d - 2 potions of ambrosia {unknown}
 e - 4 potions of curing
 f - a potion of resistance {unknown}
 j - 5 potions of mutation
 o - 2 potions of brilliance {unknown}
 u - 2 potions of berserk rage {unknown}
 C - 2 potions of lignification
 D - 2 potions of haste
 K - a potion of might {unknown}
 L - a potion of heal wounds {unknown}


   Skills:
 + Level 5.1 Fighting
 - Level 2.0 Axes
 - Level 1.0 Throwing
 + Level 6.2 Armour
 + Level 4.0 Dodging
 - Level 4.0 Stealth
 + Level 5.2 Spellcasting
 + Level 7.4 Conjurations
 + Level 7.4 Earth Magic


You had 15 spell levels left.
You knew the following spells:

 Your Spells              Type           Power      Damage    Failure   Level
a - Sandblast             Erth           58%        2d13      1%          1
b - Stone Arrow           Conj/Erth      58%        3d10      4%          3

Your spell library contained the following spells:

 Spells                   Type           Power      Damage    Failure   Level
 Kiss of Death            Conj/Necr      68%        2d10      6%          1
 Magic Dart               Conj           100%       1d8       1%          1
 Searing Ray              Conj           58%        2d6       1%          2
 Passwall                 Tmut/Erth      14%        N/A       10%         2
 Slow                     Hex            16%        N/A       28%         1
 Blink                    Tloc           8%         N/A       41%         2
 Ensorcelled Hibernation  Hex/Ice        8%         N/A       41%         2
 Fulminant Prism          Conj/Hex       8%         3d6       52%         4
 Leda's Liquefaction      Hex/Erth       8%         N/A       52%         4
 Confusing Touch          Hex            4%         N/A       65%         3
 Swiftness                Air            4%         N/A       65%         3
 Vampiric Draining        Necr           4%         2d6       65%         3
 Manifold Assault         Tloc           4%         N/A       96%         4
 Storm Form               Tmut/Air       2%         N/A       100%        7


Dungeon Overview and Level Annotations

Branches:
Dungeon (9/15)             Temple (0/1) D:7            Lair (0/5) D:8
    Orc: D:9-12

Altars:
Ashenzari
Dithmenos
Elyvilon
Fedhas
Gozag
Kikubaaqudgha
Makhleb
Nemelex Xobeh
Okawaru
Qazlal
Sif Muna
Vehumet
Xom
Zin
The Shining One

Shops:
D:7 :   D:8 *   D:9 ((!

Annotations:
D:2 1 runed translucent door, Crazy Yiuf
D:6 2 transporters, Licon's ghost, amateur DsGl


Message History

Casting: Stone Arrow (dangerous; 4% risk of failure)
Confirm with . or Enter, or press ? or * to list all spells.
Aiming: Stone Arrow (dangerous; 4% risk of failure)
Press: ? - help, Shift-Dir - straight line, f/p - kobold brigand
Aim: a kobold brigand, wielding a +0 short sword of distortion and quivering poisoned darts (64% to hit)
The stone arrow misses the kobold brigand.
You feel sick.
The kobold brigand hits you but does no damage.
Space warps horribly around you!
Aiming: Corrosive Bolt
Press: ? - help, Q - select action, (/) - cycle Shift-Dir - straight line, f/p - kobold brigand
Aim: a kobold brigand, wielding a +0 short sword of distortion and quivering poisoned darts (64% to hit)
The bolt of acid misses the kobold brigand.
You feel sick.
The kobold brigand hits you but does no damage.
Space warps horribly around you!
Okay, then.
Magic courses through your body.
You feel sick. The kobold brigand closely misses you.
Casting: Stone Arrow (dangerous; 4% risk of failure)
Confirm with . or Enter, or press ? or * to list all spells.
Aiming: Stone Arrow (dangerous; 4% risk of failure)
Press: ? - help, Shift-Dir - straight line, f/p - kobold brigand
Aim: a kobold brigand, wielding a +0 short sword of distortion and quivering poisoned darts (64% to hit)
The stone arrow hits the kobold brigand!
The kobold brigand is severely wounded.
You feel sick.
The kobold brigand hits you but does no damage.
Space warps horribly around you!!
* * * LOW HITPOINT WARNING * * *
Casting: Stone Arrow (dangerous; 4% risk of failure)
Confirm with . or Enter, or press ? or * to list all spells.
Aiming: Stone Arrow (dangerous; 4% risk of failure)
Press: ? - help, Shift-Dir - straight line, f/p - kobold brigand
Aim: a kobold brigand, wielding a +0 short sword of distortion and quivering poisoned darts (severely wounded, 64% to hit)
The stone arrow misses the kobold brigand.
You feel sick.
The kobold brigand hits you but does no damage.
Space warps around you.
You die...

###.# #........ # #.### ##.##.###
# #...### #.#..... #.....#
#.#.#.## #.....# #...#... #.....#
+# ##..#.## #.....# +###
..#####...#... #.....##
##..##....#..........
#......####...@K.$..# ##.#...## .
#........##....##..##.#.†......
..#.....##..##..#######.#......##
..#.....###..#'##.... #......#...
..#.......##......###'#........#.
..#######.###...........#........
..#### #'###...........#...#.#.#
..##... #.#.............#...#....
≈..#..###.###.#...........#.###.#


You could see a kobold brigand.

Vanquished Creatures
  A two-headed ogre (D:9)
  A boulder beetle (D:9)
  Pikel (D:7)
  A troll (D:5)
  A yak (D:9)
  A wyvern (D:8)
  A steam dragon (D:6)
  3 water moccasins
  Duvessa (D:5)
  3 ice beasts
  A sky beast (D:7)
  2 black bears
  An orc warrior (D:9)
  An ogre (D:6)
  3 lemures (D:7)
  A centaur (D:7)
  3 kobold brigands
  A bullfrog (D:9)
  4 scorpions
  Dowan (D:5)
  5 killer bees (D:9)
  3 howler monkeys (D:9)
  A crimson imp (D:5)
  A jelly (D:4)
  3 orc priests
  9 orc wizards
  4 iguanas
  Robin (D:4)
  A gnoll (D:1)
  3 adders
  A white imp (D:7)
  2 worms
  A dart slug (D:4)
  41 orcs
  10 ball pythons
  3 bats
  5 endoplasms
  8 giant cockroaches
  14 goblins
  4 hobgoblins
  2 jackals (D:1)
  5 quokkas
  3 frilled lizards
  24 kobolds
  4 rats
190 creatures vanquished.

Notes
Turn   | Place    | Note
-------+----------+-------------------------------------------
     0 | D:1      | wingedge the Human Wanderer began the quest for the Orb.
     0 | D:1      | wingedge set off with the following items: a +0 hand axe, a
                  | +0 helmet, a potion of lignification, a +0 leather armour;
                  | and the following spell memorised: Sandblast; and the
                  | following spells available to memorise: Stone Arrow, Leda's
                  | Liquefaction.
     0 | D:1      | Reached XP level 1. HP: 15/15 MP: 3/3
   182 | D:1      | Found a faded altar of an unknown god.
   390 | D:1      | Reached skill level 1 in Conjurations
   390 | D:1      | Reached XP level 2. HP: 21/21 MP: 3/5
  1056 | D:1      | Reached XP level 3. HP: 8/26 MP: 1/6
  1203 | D:1      | Learned a level 3 spell: Stone Arrow
  1506 | D:2      | Identified the +1 ring mail of Ruakhi Xergh {Harm Will++
                  | Str-2 Dex-3 Stlth+}
  1636 | D:2      | Found a runed translucent door.
  1637 | D:2      | Noticed Crazy Yiuf
  1870 | D:2      | Reached XP level 4. HP: 25/32 MP: 4/7
  2606 | D:3      | Found a glowing silver altar of Zin.
  3077 | D:3      | Reached XP level 5. HP: 37/37 MP: 5/8
  3512 | D:3      | Found a white marble altar of Elyvilon.
  4008 | D:4      | Reached skill level 1 in Armour
  4008 | D:4      | Reached XP level 6. HP: 43/43 MP: 1/9
  4101 | D:4      | Identified the +0 pair of boots of Sarrah {Harm rPois}
  4188 | D:4      | Noticed a black bear
  4191 | D:4      | Killed a black bear
  4292 | D:4      | Found a glowing golden altar of the Shining One.
  4629 | D:4      | Noticed Robin
  4640 | D:4      | Reached XP level 7. HP: 41/48 MP: 1/10
  4641 | D:4      | Killed Robin
  4811 | D:5      | Entered Level 5 of the Dungeon
  5209 | D:5      | Noticed Dowan
  5213 | D:5      | Noticed Duvessa
  5218 | D:5      | Killed Duvessa
  5223 | D:5      | Killed Dowan
  5568 | D:5      | Noticed a water moccasin
  5573 | D:5      | Killed a water moccasin
  5574 | D:5      | Reached skill level 5 in Earth Magic
  5574 | D:5      | Reached XP level 8. HP: 56/56 MP: 5/12
  5667 | D:5      | Reached skill level 5 in Conjurations
  5886 | D:5      | Noticed a troll
  5891 | D:5      | Killed a troll
  6050 | D:5      | Found a shimmering altar of Xom.
  6050 | D:5      | Found a burning altar of Makhleb.
  6312 | D:5      | Found a sparkling altar of Nemelex Xobeh.
  6970 | D:6      | Noticed Licon's ghost (amateur DsGl)
  6972 | D:6      | Found a transporter.
  6991 | D:6      | Reached XP level 9. HP: 62/62 MP: 0/14
  7102 | D:6      | Found a transporter.
  7120 | D:6      | Found a radiant altar of Vehumet.
  7216 | D:6      | Became a worshipper of Vehumet
  7945 | D:7      | Reached skill level 5 in Armour
  8238 | D:7      | Found a staircase to the Ecumenical Temple.
  8238 | D:7      | Noticed Pikel
  8241 | D:7      | Killed Pikel
  8613 | D:7      | Found Lyryrysk's Book Emporium.
  8667 | D:7      | Reached * piety under Vehumet
  8667 | D:7      | Offered knowledge of Freeze by Vehumet.
  8668 | D:7      | Reached XP level 10. HP: 71/71 MP: 5/16
  9091 | D:8      | Found a broken altar of Ashenzari.
  9260 | D:8      | Found a shimmering blue altar of Sif Muna.
  9267 | D:8      | Found a stormy altar of Qazlal.
  9270 | D:8      | Found an opulent altar of Gozag.
  9270 | D:8      | Found a blossoming altar of Fedhas.
  9278 | D:8      | Found a shadowy altar of Dithmenos.
  9321 | D:8      | Found a staircase to the Lair.
  9404 | D:8      | Found Porolet's General Store.
  9412 | D:8      | Bought a potion of curing for 42 gold pieces
  9412 | D:8      | Bought a potion of magic for 112 gold pieces
  9412 | D:8      | Bought a potion of degeneration for 14 gold pieces
  9412 | D:8      | Bought a potion of curing for 42 gold pieces
  9450 | D:8      | Found an iron altar of Okawaru.
  9639 | D:9      | Found Geugusk's Distillery.
  9640 | D:9      | Noticed a two-headed ogre
  9644 | D:9      | Killed a two-headed ogre
  9687 | D:9      | Bought a potion of haste for 150 gold pieces
  9835 | D:9      | Reached skill level 5 in Spellcasting
 10082 | D:9      | Noticed a boulder beetle
 10094 | D:9      | Found Zeoleli's Antique Weapon Shoppe.
 10094 | D:9      | Killed a boulder beetle
 10095 | D:9      | Reached skill level 5 in Fighting
 10193 | D:9      | Reached ** piety under Vehumet
 10194 | D:9      | Offered knowledge of Kiss of Death by Vehumet.
 10494 | D:9      | Found an ancient bone altar of Kikubaaqudgha.
 10511 | D:9      | Found Uzany's Antique Weapon Emporium.
 10552 | D:9      | Identified the +8 sling of the Bellicose God {freeze,
                  | +Blink rC++ rCorr Int-3}
 10576 | D:9      | Slain by a kobold brigand

Illustrated notes

Levels and vault maps discovered:
D:1:      dpeg_arrival_rooms_with_view, layout_basic,
          hellmonk_ecumenical_altar_leap_of_faith
D:2:      layout_basic, corexii_item_surrounded_by_moat, uniq_crazy_yiuf_cottage
D:3:      layout_basic, lemuel_crystal_altar, zin_academy
D:4:      layout_basic, lemuel_crystal_altar, minmay_hedge_maze,
          kennysheep_generic_room_11, uniq_robin
D:5:      layout_basic, grunt_temple_overflow_champion_of_chaos,
          kennysheep_mini, uniq_duvessa
D:6:      layout_loops_ring, mainiacjoe_overflow_cross_hatched,
          gammafunk_ghost_arena
D:7:      layout_basic, minmay_temple_entry_statues_pillars, serial_shops,
          nicolae_shop_pleasant_corner_grove, uniq_pikel
D:8:      layout_gridville, nicolae_overflow_hallway_of_the_gods,
          ashenzari_altar_1, mainiacjoe_overflow_alcove_1, lair_entry_dummy,
          serial_shops, nicolae_shop_tiny_waterfront
D:9:      minmay_bubble_buster, layout_basic,
          mainiacjoe_overflow_small_starburst, serial_shops,
          nicolae_shop_tiny_glass, nicolae_shop_hallway_plus, shop

Skill      XL: |  1  2  3  4  5  6  7  8  9 10 |
---------------+-------------------------------+-----
Conjurations   | 1 2 3 4 6 7 |  7.4
Earth Magic    | 3 4 5 6 7 |  7.4
Armour         | 1 2 3 4 5 6 |  6.2
Fighting       | 2 4 5 |  5.1
Spellcasting   | 3 4 5 |  5.2
Dodging        | 2 4 |  4.0
Stealth        | 2 4 |  4.0
Axes           | |  2.0
Throwing       | |  1.0

Action                     |  1- 3 |  4- 6 |  7- 9 | 10-12 || total
---------------------------+-------+-------+-------+-------++-------
  Melee: Hand axe          |    26 |       |       |       ||    26
         Dagger            |    32 |   122 |    36 |    40 ||   230
         Punch             |       |     1 |       |     1 ||     2
         Whip              |       |       |    11 |       ||    11
         Spear             |       |       |       |     5 ||     5
   Cast: Sandblast         |    31 |    44 |     4 |     3 ||    82
         Stone Arrow       |       |     7 |    86 |    56 ||   149
  Evoke: Wand              |       |     2 |     4 |     3 ||     9
    Use: Potion            |     1 |       |       |     1 ||     2
         Scroll            |       |     3 |       |     1 ||     4
   Stab: Sleeping          |     2 |     3 |       |       ||     5
 Armour: Leather armour    |     6 |       |       |       ||     6
         Skin              |     5 |       |       |       ||     5
         Ring mail         |    10 |    28 |    44 |    61 ||   143
  Dodge: Dodged            |    29 |    41 |    31 |    56 ||   157
